 Dungeon Crawl Stone Soup version 0.32-a0-485-g70f7560b1c (webtiles) character file.

Game seed: 85483846767837248

120 eruonna the Grave Robber (level 4, -1/32 HPs)
             Began as a Mummy Necromancer on Feb 27, 2024.
             Slain by an orc
             ... wielding a +0 club
              (2 damage)
             ... on level 4 of the Dungeon.
             The game lasted 00:13:31 (2189 turns).

eruonna the Grave Robber (Mummy Necromancer)        Turns: 2189, Time: 00:13:32

Health: -1/32      AC:  9    Str: 11    XL:     4   Next: 75%
Magic:  2/18       EV: 12    Int: 16    God:
Gold:   108        SH:  0    Dex: 12    Spells: 5/9 levels left

rFire   x . .        c - +0 dagger (protect)
rCold   + . .        (no shield)
rNeg    + + +        a - +0 robe
rPois   ∞            (no helmet)
rElec   .            (no cloak)
rCorr   .            (no gloves)
SInv    .            (no boots)
Will    .....        (no amulet)
Stlth   ++           h - ring of magical power
HPRegen 0.25/turn    (no ring)
MPRegen 0.16/turn

%: faith
@: under a protective aura
A: cold resistance 1, negative energy resistance 3, torment resistance 2, heat
vulnerability 1, in touch with death 1, no potions, faith
a: no special abilities


You were on level 4 of the Dungeon.
You visited 1 branch of the dungeon, and saw 4 of its levels.

You collected 108 gold pieces.

Inventory:

Hand Weapons
 c - a +0 dagger of protection (weapon)
Missiles
 b - 4 atropa-tipped darts
 e - 31 stones
Armour
 a - a +0 robe (worn)
Jewellery
 h - a ring of magical power (left hand)
Wands
 d - a wand of paralysis (2)
Scrolls
 f - a scroll of identify
 g - a scroll of summoning
 i - 3 scrolls of immolation
 j - a scroll of amnesia
 k - a scroll of teleportation


   Skills:
 - Level 1.4 Fighting
 - Level 1.5 Dodging
 - Level 1.5 Stealth
 - Level 3.3 Spellcasting
 + Level 5.6 Necromancy


You had 5 spell levels left.
You knew the following spells:

 Your Spells              Type           Power      Damage    Failure   Level
a - Necrotise             Necr           100%       1d9       1%          1
b - Vampiric Draining     Necr           31%        2d8       5%          3

Your spell library contained the following spells:

 Spells                   Type           Power      Damage    Failure   Level
 Animate Dead             Necr           31%        N/A       17%         4
 Curse of Agony           Necr           31%        N/A       43%         5


Dungeon Overview and Level Annotations

Branches:
Dungeon (4/15)
 Temple: D:4-7

Altars:
Uskayaw

Shops:
D:2 (

Annotations:
D:3 2 transporters, Echelon's ghost, weakling CoFi


Innate Abilities, Weirdness & Mutations

You are immune to poison.
Your flesh is cold resistant. (rC+)
You are immune to negative energy. (rN+++)
You are immune to unholy pain and torment.
You are vulnerable to heat. (rF-)
You are in touch with the powers of death.
You do not drink.
You have a special connection with the divine. (Faith)


Message History

The orc wizard points at you and mumbles some strange words.
The magic dart hits you.
* * * LOW HITPOINT WARNING * * *
You miss the orc wizard.
The orc wizard is moderately wounded.
The orc wizard misses you.
You hit the orc wizard.
Your weapon exudes an aura of protection.
The orc wizard is moderately wounded.
The orc wizard closely misses you.
You barely miss the orc wizard.
The orc wizard is moderately wounded.
The orc wizard hits you with a +0 dagger.
* * * LOW HITPOINT WARNING * * *
You hit the orc wizard but do no damage.
The orc wizard is moderately wounded.
The orc wizard completely misses you.
You hit the orc wizard but do no damage.
The orc wizard is moderately wounded.
The orc wizard casts a spell at you.
You are confused.
You bump into the rock wall.
The orc wizard closely misses you.
You're too confused to cast spells.
You hit the orc wizard but do no damage.
The orc wizard is moderately wounded.
The orc wizard closely misses you.
You are too confused!
You feel your magic capacity increase.
h - a ring of magical power (left hand)
You bump into the rock wall.
The orc wizard mumbles some strange words.
The orc wizard flickers and vanishes!
Deactivating autopickup; reactivate with Ctrl-A.
You bump into the rock wall.
You feel less confused.
The orc wizard points at you and mumbles some strange words.
The puff of flame hits you! The fire burns you terribly!
* * * LOW HITPOINT WARNING * * *
The orc hits you with a +0 club.
You die...

### #.. #.# # #.# #. #.#
.. #.# ######
####.#######.###....####
............@o..........
#######<####o##.....####
..######{##.....#
.o..oo...##.....#
#.#########.....#
#.....# #.....# #.#####
#.#


You could see an orc wizard and an orc.

Vanquished Creatures
  An orc priest (D:4)
  4 adders
  3 ball pythons
  3 bats
  An endoplasm (D:3)
  3 giant cockroaches
  7 goblins
  5 hobgoblins
  5 jackals (D:1)
  A quokka (D:3)
  A frilled lizard (D:2)
  5 kobolds
  8 rats
47 creatures vanquished.

Vanquished Creatures (collateral kills)
  An endoplasm (D:1)
  A ball python (D:2)
  A frilled lizard (D:2)
  A rat (D:3)
4 creatures vanquished.

Grand Total: 51 creatures vanquished

Notes
Turn   | Place    | Note
-------+----------+-------------------------------------------
     0 | D:1      | eruonna the Mummy Necromancer began the quest for the Orb.
     0 | D:1      | Reached XP level 1. HP: 13/13 MP: 4/4
   303 | D:1      | Reached XP level 2. HP: 19/19 MP: 2/5
   770 | D:1      | Reached skill level 5 in Necromancy
   930 | D:2      | Reached XP level 3. HP: 23/24 MP: 5/7
  1223 | D:2      | Found a faded altar of an unknown god.
  1307 | D:2      | Found Opu Xurph's Antique Weapon Boutique.
  1479 | D:2      | Reached skill level 1 in Fighting
  1487 | D:2      | Learned a level 3 spell: Vampiric Draining
  1790 | D:3      | Found a transporter.
  1807 | D:3      | Noticed a gnoll sergeant
  1808 | D:3      | Noticed Echelon's ghost (weakling CoFi)
  1860 | D:3      | Reached XP level 4. HP: 26/32 MP: 5/9
  1922 | D:3      | Found a transporter.
  2029 | D:3      | Found a hide-covered altar of Uskayaw.
  2189 | D:4      | HP: 1/32 [orc wizard/puff of flame (7)]
  2189 | D:4      | Slain by an orc

Illustrated notes

Levels and vault maps discovered:
D:1:      lightli_iron_boxes, layout_loops_ring
D:2:      layout_loops_ring, serial_shops, nicolae_shop_rolling_square,
          basic_ecumenical_altar
D:3:      layout_rooms, mainiacjoe_overflow_tiny_flanked,
          gammafunk_ghost_gnarly_gnolls
D:4:      layout_basic, uniq_sigmund

Skill      XL: |  1  2  3 |
---------------+----------+-----
Necromancy     | 5 |  5.6
Fighting       | 1 |  1.4
Spellcasting   | 3 |  3.3
Dodging        | |  1.5
Stealth        | |  1.5

Action                     |  1- 3 |  4- 6 || total
---------------------------+-------+-------++-------
  Melee: Dagger            |    74 |    16 ||    90
   Cast: Necrotise         |    52 |    18 ||    70
    Use: Scroll            |     7 |     1 ||     8
   Stab: Sleeping          |     2 |     1 ||     3
 Armour: Robe              |    47 |    12 ||    59
  Dodge: Dodged            |    65 |    13 ||    78

Table legend: (Time is in decaauts)
 A = Elapsed time spent in this place.
 B = Non-inter-level travel time spent in this place.
 C = Inter-level travel time spent in this place.
 D = Time resting spent in this place.
 E = Time spent auto-exploring this place.
 F = Levels seen in this place.
 G = Mean time per level.
                   A        B        C        D        E       F      G
               +--------+--------+--------+--------+--------+-----+--------+
         Total |   2187 |   2141 |     46 |      6 |   1711 |   4 |  546.8 |
       Dungeon |   2187 |   2141 |     46 |      6 |   1711 |   4 |  546.8 |
               +--------+--------+--------+--------+--------+-----+--------+

Top non-repeatable levels by time:
     D:1: 892 daAuts
     D:2: 846 daAuts
     D:3: 397 daAuts
     D:4: 50 daAuts
